 Dungeon Crawl Stone Soup version 0.25.1-8-g42b30a86e7 (webtiles) character file.

Game seed: 8769347270344973664

19 H0rd4k the Magician (level 2, 0/15 HPs)
             Began as a Deep Elf Wizard on Dec 2, 2020.
             Slain by a goblin
             ... wielding a +0 dagger
             ... led by Robin
              (2 damage)
             ... on level 2 of the Dungeon.
             The game lasted 00:01:00 (1116 turns).

H0rd4k the Magician (Deep Elf Wizard)               Turns: 1116, Time: 00:01:01

Health: 0/15       AC:  2    Str:  4    XL:     2   Next: 55%
Magic:  5/10       EV: 13    Int: 22    God:
Gold:   81         SH:  0    Dex: 13    Spells: 10/11 levels left

rFire    . . .     SeeInvis .   (no weapon)
rCold    . . .     Gourm    .   (no shield)
rNeg     . . .     Faith    .   a - +0 robe
rPois    .         Spirit   .   b - +0 hat
rElec    .         Reflect  .   (no cloak)
rCorr    +         Harm     .   (no gloves)
MR       .....                  (no boots)
Stlth    ++........             (no amulet)
HPRegen  0.05/turn              i - ring of resist corrosion
MPRegen  0.12/turn              (no ring)

@: no status effects
A: no striking features
a: no special abilities


You were on level 2 of the Dungeon.
You were hungry.

You visited 1 branch of the dungeon, and saw 2 of its levels.

You collected 81 gold pieces.

Inventory:

Armour
 a - a +0 robe (worn)
 b - a +0 hat (worn)
Jewellery
 i - a ring of resist corrosion (left hand)
Scrolls
 c - a scroll of fear {unknown}
 e - a scroll of immolation {unknown}
 f - 4 scrolls of identify {unknown}
 g - a scroll of magic mapping {unknown}
 h - a scroll of enchant weapon {unknown}
 j - a scroll of fog {unknown}
 m - 2 scrolls of teleportation {unknown}
 n - a scroll of random uselessness {unknown}
Potions
 l - a potion of curing {unknown}
Comestibles
 d - 7 rations
 k - 2 chunks of flesh


   Skills:
 + Level 2.4 Dodging
 + Level 2.9 Stealth
 + Level 5.3 Spellcasting
 + Level 1.1 Conjurations
   Level 1.1 Summonings
   Level 1.1 Translocations


You had 10 spell levels left.
You knew the following spells:

 Your Spells              Type           Power        Failure   Level  Hunger
a - Magic Dart            Conj           ##..         6%          1    None

Your spell library contained the following spells:

 Spells                   Type           Power        Failure   Level  Hunger
 Blink                    Tloc           N/A          10%         2    None
 Call Imp                 Summ           ##......     10%         2    None
 Slow                     Hex            #.......     14%         2    None
 Conjure Flame            Conj/Fire      #.......     24%         3    ##.....
 Mephitic Cloud           Conj/Pois/Air  #.......     26%         3    ##.....


Dungeon Overview and Level Annotations

Branches:
Dungeon (2/15)

Altars:

Annotations:
D:2 Robin


Message History

Casting: Magic Dart (safe; 6% risk of failure)
Confirm with . or Enter, or press ? or * to list all spells.
Aiming: Magic Dart (safe; 6% risk of failure)
Press: ? - help, Shift-Dir - straight line, f - goblin
Aim: a goblin, wielding a +0 club The magic dart hits the goblin.
The goblin is severely wounded.
The goblin hits you with a +0 club.
* * * LOW HITPOINT WARNING * * *
Casting: Magic Dart (safe; 6% risk of failure)
Confirm with . or Enter, or press ? or * to list all spells.
Aiming: Magic Dart (safe; 6% risk of failure)
Press: ? - help, Shift-Dir - straight line, f/p - goblin
Aim: a goblin, wielding a +0 club (heavily wounded)
The magic dart hits the goblin.
You kill the goblin!
You are feeling hungry.
There is a stone staircase leading up here.
The goblin hits you with a +0 dagger.
You die...

#####gg...# #......#
#.#.# ....#.....#
#......# #.#.#
...รท#.....###......#
#.#.#
...............#.#)#
#.#.#
....##.#########.#.#
#...#
........gg.gg)g..#.#####
#####
######.########g........
#.# ######g##.###..
#.##...)...@#.#
#.##.######.#.# #.#
#.#.# #.# #.# #.# #.#
#.# #.# #.#


You could see a hobgoblin and 2 goblins.

Vanquished Creatures
  A worm (D:2)
  A leopard gecko (D:2)
  3 bats
  4 goblins
  A hobgoblin (D:2)
  3 kobolds
  A rat (D:1)
14 creatures vanquished.

Notes
Turn   | Place    | Note
-------+----------+-------------------------------------------
     0 | D:1      | H0rd4k the Deep Elf Wizard began the quest for the Orb.
     0 | D:1      | Reached XP level 1. HP: 10/10 MP: 7/7
   871 | D:2      | Reached XP level 2. HP: 15/15 MP: 7/9
   884 | D:2      | Reached skill level 5 in Spellcasting
  1092 | D:2      | Identified the +1 helmet "Bofruq" {Regen+ Int+5 Slay-3}
  1092 | D:2      | Noticed Robin
  1116 | D:2      | Slain by a goblin

Illustrated notes

Levels and vault maps discovered:
D:1:      lightli_arrival_farm, layout_basic
D:2:      layout_basic, lemuel_crystal_altar, first_ration, uniq_robin

Skill      XL: |  1  2 |
---------------+-------+-----
Spellcasting   | 5 |  5.3
Dodging        | |  2.4
Stealth        | |  2.9
Conjurations   | |  1.1
Summonings     | |  1.1
Translocations | |  1.1

Action                   || total
-------------------------++-------
 Cast: Magic Dart        ||    32
Dodge: Dodged            ||     2
